AoeStats
← TM Caesar

Arena

508319138Analyzed
1v1 RM · 11d ago on Sep 21, 2026· 40m 12s· 2 players
Game mode
Random Map
Map size
Tiny (2 player)
Population
200
Speed
Normal
Resources
Standard
Victory
Conquest
Starting age
Dark Age
Ending age
Imperial Age
RankedLock teamsTeams togetherTeam positionsShared explorationLock speedFull tech treeHidden civsTurbo modeCheats
Victory
Defeat
🇦🇷 Teutons · Argentina
1619
+16
🇨🇴 Burgundians · Colombia
1612
-16
MrDiiego/twitch.tv
3:03 Double-Bit Axe
5:55 Horse Collar
10:50 Feudal Age
15:02 Castle Age
13:32 Bow Saw
15:09 Light Cavalry
16:12 Husbandry
26:33 Wheelbarrow
30:44 Imperial Age
28:41 Pikeman
29:21 Squires
29:35 Loom
29:36 Town Watch
33:13 Chemistry
32:00 Halberdier
32:41 Scale Mail Armor
32:51 Forging
34:34 Chain Mail Armor
34:10 Fletching
34:21 Padded Archer Armor
38:24 Leather Archer Armor
38:40 Plate Mail Armor
38:45 Iron Casting
TM Caesar
10:35 Feudal Age
14:52 Castle Age
12:45 Double-Bit Axe
13:08 Horse Collar
24:49 Wheelbarrow
26:07 Hand Cart
26:25 Bow Saw
26:43 Loom
27:11 Stone Mining
32:56 Imperial Age
30:40 Town Watch
30:54 Fletching
31:35 Bodkin Arrow
32:16 Scale Barding Armor
32:26 Squires
33:04 Bloodlines
33:39 Chain Barding Armor
34:41 Chemistry
34:12 Forging
34:41 Scale Mail Armor
35:20 Masonry
37:23 Iron Casting
37:51 Siege Engineers
39:05 Ballistics
39:45 Padded Archer Armor
40:27 Chain Mail Armor
40:55 Crenellations
Connection lost

Rejoining the realm…

Still unreachable

The connection could not be restored.

Session expired

The server has moved on; the page needs a fresh start.